 Dungeon Crawl Stone Soup version 0.24-a0-779-g36f0aeb843 (webtiles) character file.

Game seed: 8111716528401663659, levelgen mode: deterministic

148 Golodhrim the Conjurer (level 5, -1/28 HPs)
             Began as a Deep Elf Conjurer on Oct 8, 2019.
             Slain by a howler monkey (2 damage)
             ... on level 3 of the Dungeon.
             The game lasted 00:21:50 (3375 turns).

Golodhrim the Conjurer (Deep Elf Conjurer)          Turns: 3375, Time: 00:21:51

Health: -1/28      AC:  3    Str:  5    XL:     5   Next: 8%
Magic:  1/13       EV: 13    Int: 21    God:
Gold:   111        SH:  0    Dex: 15    Spells: 7/12 levels left

rFire    . . .     SeeInvis .   i - +2 hand axe (vamp)
rCold    + . .     Gourm    .   (no shield)
rNeg     . . .     Faith    .   a - +0 robe
rPois    .         Spirit   .   (no helmet)
rElec    .         Reflect  .   m - +0 cloak
rCorr    .         Harm     .   (no gloves)
MR       .....                  (no boots)
Stlth    ++........             (no amulet)
HPRegen  0.09/turn              (no ring)
MPRegen  0.13/turn              k - ring of protection from cold

@: no status effects
A: no striking features
a: no special abilities


You were on level 3 of the Dungeon.
You were hungry.

You visited 1 branch of the dungeon, and saw 3 of its levels.

You collected 111 gold pieces.

Inventory:

Hand Weapons
 i - a +2 vampiric hand axe (weapon)
Missiles
 h - 66 sling bullets
 j - 61 stones (quivered)
Armour
 a - a +0 robe (worn)
 m - a +0 cloak (worn)
Jewellery
 k - a ring of protection from cold (right hand)
Scrolls
 d - a scroll of enchant weapon {unknown}
 f - a scroll of remove curse
 o - a scroll of identify
Potions
 b - a potion of haste {unknown}
 e - a potion of flight {unknown}
 g - a potion of curing
 l - a potion of might {unknown}
 n - a potion of degeneration {unknown}
Comestibles
 c - 2 rations


   Skills:
 + Level 2.9 Dodging
 + Level 3.4 Stealth
 + Level 4.1 Spellcasting
 * Level 6.0 Conjurations


You had 7 spell levels left.
You knew the following spells:

 Your Spells              Type           Power        Failure   Level  Hunger
a - Magic Dart            Conj           ####         1%          1    None
b - Iskenderun's Mystic   Conj           ####....     10%         4    ####...

Your spell library contained the following spells:

 Spells                   Type           Power        Failure   Level  Hunger
 Searing Ray              Conj           ####..       1%          2    #......
 Dazzling Spray           Conj/Hex       ###...       11%         3    ###....
 Force Lance              Conj/Tloc      ###.....     34%         4    ####...
 Fulminant Prism          Conj/Hex       ###.......   34%         4    ####...


Dungeon Overview and Level Annotations

Branches:
Dungeon (3/15)

Altars:
Gozag
Makhleb
Okawaru
Qazlal
Xom
Yredelemnul
The Shining One


Message History

The howler monkey hits you.
You are too injured to fight recklessly!
As you read the scroll labeled KOUGOA EGISK, it crumbles to dust.
It is a scroll of identify.
g - 2 potions of curing The howler monkey hits you.
* * * LOW HITPOINT WARNING * * *
The howler monkey hits you.
* * * LOW HITPOINT WARNING * * *
You feel better. The howler monkey misses you.
You completely miss the howler monkey.
The howler monkey is lightly wounded.
The howler monkey hits you.
* * * LOW HITPOINT WARNING * * *
You hit the howler monkey.
You feel better.
The howler monkey is moderately wounded.
The howler monkey hits you!
* * * LOW HITPOINT WARNING * * *
The howler monkey hits you.
You die...

####.#.# #......#.........##.
#.#.#######......#...###.#..##
#.#...........####.....#.#)..#
#.#<#######.#.# #..##.#.###..
#.#.# #.#.# #.......# ##.
#.#.# #.#.# #...#.#.# #. ..#.#
#.#.# #...#.######. #.# #.#.#
#...#.#...... #.# #.#@#
#...#.#.####. #..
#.#h####...#.#.##### ###
#.#.................
#.#.................
#....†.............. #
#..#................ ## .#
#..#................ #. ..
#..#................ #.## .###
#..#................


You could see a howler monkey.

Vanquished Creatures
  4 adders
  3 gnolls (D:3)
  An ooze (D:3)
  4 dart slugs
  3 leopard geckos
  5 bats
  2 giant cockroaches
  7 goblins
  6 hobgoblins
  11 jackals
  5 quokkas (D:2)
  2 frilled lizards (D:2)
  5 kobolds
  6 rats
64 creatures vanquished.

Notes
Turn   | Place    | Note
-------+----------+-------------------------------------------
     0 | D:1      | Golodhrim the Deep Elf Conjurer began the quest for the
                  | Orb.
     0 | D:1      | Reached XP level 1. HP: 10/10 MP: 6/6
     2 | D:1      | Noticed a human
     2 | D:1      | Noticed a gargoyle
     4 | D:1      | Noticed a formicid
     4 | D:1      | Noticed a draconian
     6 | D:1      | Noticed an ogre
     8 | D:1      | Noticed a dwarf
     8 | D:1      | Noticed a merfolk
    10 | D:1      | Noticed a halfling
    10 | D:1      | Noticed an octopode
    12 | D:1      | Noticed a troll
    12 | D:1      | Noticed a vampire
    14 | D:1      | Noticed a demigod
    16 | D:1      | Noticed a spriggan
    16 | D:1      | Noticed a felid
    18 | D:1      | Noticed a vine stalker
    18 | D:1      | Noticed a ghoul
    20 | D:1      | Noticed a naga
    22 | D:1      | Noticed a tengu
    22 | D:1      | Noticed a centaur
    24 | D:1      | Noticed a demonspawn
    24 | D:1      | Noticed an elf
    26 | D:1      | Noticed a minotaur
   305 | D:1      | Reached XP level 2. HP: 15/15 MP: 6/8
   777 | D:1      | Reached skill level 5 in Conjurations
  1211 | D:2      | Reached XP level 3. HP: 19/19 MP: 4/9
  1327 | D:2      | Found a burning altar of Makhleb.
  1768 | D:2      | Found an iron altar of Okawaru.
  1769 | D:2      | Found a basalt altar of Yredelemnul.
  1769 | D:2      | Found a shimmering altar of Xom.
  1769 | D:2      | Found an opulent altar of Gozag.
  1797 | D:2      | Reached XP level 4. HP: 24/24 MP: 6/10
  1834 | D:2      | Learned a level 4 spell: Iskenderun's Mystic Blast
  2555 | D:3      | Found a stormy altar of Qazlal.
  3128 | D:3      | Found a glowing golden altar of the Shining One.
  3243 | D:3      | Reached skill level 6 in Conjurations
  3320 | D:3      | Reached XP level 5. HP: 28/28 MP: 0/13
  3372 | D:3      | HP: 1/28 [howler monkey (4)]
  3375 | D:3      | Slain by a howler monkey

Levels and vault maps discovered:
D:1:      kb_arrival_jail, layout_basic, serial_glass, glass_columns_a,
          glass_columns_c
D:2:      wad_woods_stonehenge, layout_loops_corners,
          chequers_temple_overflow_statue_of_worship
D:3:      layout_basic, grunt_qazlal_clouds, wad_floor_pattern_2, tso_metal_star

Skill      XL: |  1  2  3  4 |
---------------+-------------+-----
Conjurations   | 5 6 |  6.0
Stealth        | 3 |  3.4
Spellcasting   | 4 |  4.1
Dodging        | |  2.9

Action                   |  1- 3 |  4- 6 || total
-------------------------+-------+-------++-------
Melee: Hand axe          |     1 |    36 ||    37
 Cast: Magic Dart        |    75 |    57 ||   132
       Iskenderun's Myst |       |     3 ||     3
  Use: Scroll            |     1 |     1 ||     2
       Potion            |       |     1 ||     1
  Eat: Chunk             |     2 |     2 ||     4
       Ration            |       |     1 ||     1
Armor: Robe              |     2 |    14 ||    16
Dodge: Dodged            |     9 |    46 ||    55

Table legend:
 A = Non-vault XP
 B = Vault XP
 C = Vault XP percentage of total XP
 D = Non-vault monster count
 E = Vault monster count
 F = Vault count percentage of total count
                 A         B        C        D         E       F
            +---------+---------+-------+---------+---------+-------
      Total |     200 |      12 |   5.7 |      58 |       6 |   9.4
            +---------+---------+-------+---------+---------+-------
        D:1 |      28 |       0 |   0.0 |      14 |       0 |   0.0
        D:2 |      74 |      12 |  14.0 |      21 |       6 |  22.2
        D:3 |      98 |       0 |   0.0 |      23 |       0 |   0.0
            +---------+---------+-------+---------+---------+-------
